 Dungeon Crawl Stone Soup version 0.28-a0-1447-ga5a8893891 (webtiles) character file.

Game seed: 5500795275165039987

67 knot the Chopper (level 4, 27/35 HPs)
             Began as a Demonspawn Berserker on Jan 12, 2022.
             Was a Follower of Trog.
             Quit the game on level 2 of the Dungeon.
             The game lasted 00:01:42 (2227 turns).

knot the Chopper (Demonspawn Berserker)             Turns: 2227, Time: 00:01:43

Health: 27/35      AC:  2    Str: 17    XL:     4   Next: 0%
Magic:  4/4        EV: 12    Int: 11    God:    Trog [*.....]
Gold:   45         SH:  0    Dex: 12    Spells: 3/3 levels left

rFire   . . .      SeeInvis .   c - +0 whip (elec)
rCold   . . .      Faith    .   (no shield)
rNeg    . . .      Spirit   .   b - +0 animal skin
rPois   .          Reflect  .   (helmet restricted)
rElec   .          Harm     .   (no cloak)
rCorr   .          Rampage  .   (no gloves)
Will    .....                   (no boots)
Stlth   +.........              (no amulet)
HPRegen 0.11/turn               (no ring)
MPRegen 0.09/turn               (no ring)

@: no status effects
A: horns 1, spiny 1
a: Renounce Religion, Berserk


You were on level 2 of the Dungeon.
You worshipped Trog.
Trog was aware of your devotion.
You visited 1 branch of the dungeon, and saw 2 of its levels.

You collected 81 gold pieces.
You spent 36 gold pieces at shops.

Inventory:

Hand Weapons
 a - a +0 hand axe
 c - a +0 whip of electrocution (weapon)
 i - a +0 dagger of venom
Missiles
 d - 34 stones (quivered)
 e - 10 sling bullets
Armour
 b - a +0 animal skin (worn)
Scrolls
 f - a scroll of silence {unknown}
 g - a scroll of fog {unknown}
 h - a scroll of amnesia {unknown}
 k - a scroll of identify {unknown}
Potions
 j - a potion of curing


   Skills:
 - Level 3.0 Fighting
 + Level 4.4 Axes
 - Level 1.7 Armour
 - Level 1.7 Dodging


You had 3 spell levels left.
You didn't know any spells.
Your spell library was empty.

Dungeon Overview and Level Annotations

Branches:
Dungeon (2/15)

Altars:

Shops:
D:1 !


Innate Abilities, Weirdness & Mutations

You have a pair of small horns on your head.
You are partially covered in sharp spines.


Message History

A quokka comes into view.
A quokka is nearby!
The quokka barely misses you.
You hit the quokka.
The quokka is almost dead.
The quokka bites you. The quokka barely misses you.
You closely miss the quokka.
The quokka is almost dead.
The quokka misses you.
You hit the quokka.
You kill the quokka!
Trog accepts your kill.
No target in view!
No target in view!
You see here a quokka corpse.
A worm comes into view.
Found a stone staircase leading up.
A worm is nearby!
A hobgoblin comes into view.
The worm bites you.
You hit the worm.
The worm is moderately wounded.
The hobgoblin shouts!
You hear a bark!
You hear a shout!
You hear a bark!
The worm bites you.
You hit the worm.
The worm is heavily wounded.
You hit the worm. You headbutt the worm.
The worm is almost dead.
A jackal comes into view.
The worm bites you.
You hit the worm. Lightning courses through the worm!
You kill the worm!
Trog accepts your kill.
You hit the hobgoblin. You headbutt the hobgoblin.
You kill the hobgoblin!
Trog accepts your kill.
You have reached level 4!
You feel clever.
Your demonic ancestry asserts itself...
Sharp spines emerge from parts of your body.
Are you sure you want to abandon this character and quit the game? (Confirm with "yes".)

#.##....## #........
........ ...... #[#.#
#<...# #.#.# #.h..#
#.#.# #..†.# #.#.#
#.#@######.#.#
#####........#.#.#
......#.####.#.#.#######
######.........†........
#.#####.#.#.####### #.#
##.#.#.# #.####....#.#
#.....†...#.#
#..##....##.#


You could see a jackal.

Vanquished Creatures
  2 gnolls (D:1)
  An adder (D:2)
  A worm (D:2)
  A bat (D:1)
  4 giant cockroaches
  2 goblins (D:1)
  2 hobgoblins (D:2)
  6 jackals (D:1)
  3 quokkas
  2 ball pythons (D:1)
  3 frilled lizards (D:1)
  3 kobolds (D:1)
  5 rats
35 creatures vanquished.

Notes
Turn   | Place    | Note
-------+----------+-------------------------------------------
     0 | D:1      | knot the Demonspawn Berserker began the quest for the Orb.
     0 | D:1      | Reached XP level 1. HP: 18/18 MP: 1/1
   221 | D:1      | Reached skill level 3 in Axes
   237 | D:1      | Found a faded altar of an unknown god.
   261 | D:1      | Gained mutation: You have a pair of small horns on your
                  | head. [demonic ancestry]
   261 | D:1      | Reached XP level 2. HP: 11/24 MP: 2/2
  1239 | D:1      | Reached XP level 3. HP: 29/29 MP: 3/3
  1253 | D:1      | Reached skill level 4 in Axes
  1844 | D:1      | Found Icing's Distillery.
  1847 | D:1      | Bought a potion of curing for 36 gold pieces
  2227 | D:2      | Gained mutation: You are partially covered in sharp spines.
                  | [demonic ancestry]
  2227 | D:2      | Reached XP level 4. HP: 27/35 MP: 4/4
  2227 | D:2      | Quit the game

Illustrated notes

Levels and vault maps discovered:
D:1:      grunt_arrival_crossed_arrows, layout_basic, serial_shops,
          nicolae_shop_behind_doors, ebering_ecumenical_altar_abandoned,
          minmay_small_reverse_x
D:2:      layout_loops_ring

Skill      XL: |  1  2  3 |
---------------+----------+-----
Axes           | 3 4 |  4.4
Fighting       | |  3.0
Armour         | |  1.7
Dodging        | |  1.7

Action                   |  1- 3 |  4- 6 || total
-------------------------+-------+-------++-------
Melee: Whip              |    87 |       ||    87
       Hand axe          |    10 |       ||    10
       Headbutt          |    10 |       ||    10
       Punch             |     1 |       ||     1
Invok: Berserk           |     2 |       ||     2
 Stab: Sleeping          |     2 |       ||     2
Armor: Animal skin       |    12 |       ||    12
Dodge: Dodged            |    50 |       ||    50

Table legend: (Time is in decaauts)
 A = Elapsed time spent in this place.
 B = Non-inter-level travel time spent in this place.
 C = Inter-level travel time spent in this place.
 D = Time resting spent in this place.
 E = Time spent auto-exploring this place.
 F = Levels seen in this place.
 G = Mean time per level.
                   A        B        C        D        E       F      G
               +--------+--------+--------+--------+--------+-----+--------+
         Total |   2242 |   2225 |     17 |   1059 |    963 |   2 | 1121.0 |
       Dungeon |   2242 |   2225 |     17 |   1059 |    963 |   2 | 1121.0 |
               +--------+--------+--------+--------+--------+-----+--------+

Top non-repeatable levels by time:
     D:1: 1882 daAuts
     D:2: 360 daAuts
